 Dungeon Crawl Stone Soup version 0.21.0-24-g2553a33 (webtiles) character file.

571 mistymad the Spear-Bearer (level 7, -2/52 HPs)
             Began as a Merfolk Skald on Jan 20, 2018.
             Slain by a sky beast (3 damage)
             ... on level 4 of the Dungeon.
             The game lasted 00:18:08 (5053 turns).

mistymad the Spear-Bearer (Merfolk Skald)           Turns: 5053, Time: 00:18:09

Health: -2/52      AC:  7    Str: 14    XL:     7   Next: 34%
Magic:  10/10      EV: 10    Int: 12    God:
Gold:   154        SH:  0    Dex: 13    Spells: 2/11 levels left

rFire    . . .     SeeInvis .   r - +0 trident
rCold    . . .     Gourm    .   (no shield)
rNeg     . . .     Faith    .   k - +0 scale mail (curse)
rPois    .         Spirit   .   h - +0 helmet
rElec    .         Reflect  .   (no cloak)
rCorr    .         Harm     .   (no gloves)
MR       +....                  (no boots)
Stlth    +.........             (no amulet)
HPRegen  0.17/turn              f - ring of protection from magic
MPRegen  0.12/turn              n - ring of stealth

@: very slightly contaminated
A: change form in water, swift swim, stealthy swim
a: no special abilities


You were on level 4 of the Dungeon.
You were hungry.

You visited 1 branch of the dungeon, and saw 5 of its levels.

You collected 154 gold pieces.

Inventory:

Hand Weapons
 r - a +0 trident (weapon)
Missiles
 p - 2 needles of sleeping
Armour
 b - a +0 leather armour
 h - a +0 helmet (worn)
 k - a cursed +0 scale mail (worn)
 y - a +2 large shield
Jewellery
 f - a ring of protection from magic (left hand)
 n - a ring of stealth (right hand)
Wands
 m - a wand of digging (6)
 q - a wand of paralysis (17)
Scrolls
 e - 4 scrolls of enchant armour
 g - a scroll of fog {unknown}
 i - a scroll of fear {unknown}
 j - 6 scrolls of remove curse {unknown}
 l - 6 scrolls of identify {unknown}
 v - a scroll of teleportation {unknown}
Potions
 a - a potion of brilliance {unknown}
 o - a potion of haste {unknown}
 s - a potion of magic
 t - a potion of agility {unknown}
 u - 2 potions of mutation {unknown}
 w - a potion of curing {unknown}
 x - a potion of degeneration {unknown}
Books
 c - a book of Battle

   Spells                             Type                      Level
   a - Infusion                       Charms                       1
   b - Shroud of Golubria             Charms/Translocation         2
   c - Song of Slaying                Charms                       2
   d - Spectral Weapon                Hexes/Charms                 3
   e - Regeneration                   Charms/Necromancy            3
Comestibles
 d - 8 rations


   Skills:
 + Level 3.0 Fighting
 + Level 9.8 Polearms
 - Level 0.6 Armour
 - Level 2.6 Dodging
 + Level 2.5 Spellcasting
 + Level 1.5 Hexes
 + Level 3.9 Charms


You had 2 spell levels left.
You knew the following spells:

 Your Spells              Type           Power        Failure   Level  Hunger
a - Infusion              Chrm           ##..         24%         1    #......
b - Shroud of Golubria    Chrm/Tloc      #.........   61%         2    ###....
c - Spectral Weapon       Hex/Chrm       #.......     75%         3    ###....
d - Regeneration          Chrm/Necr      #.........   83%         3    ###....


Dungeon Overview and Level Annotations

Branches:
Dungeon (5/15)
 Temple: D:4-7

Altars:
Qazlal
Trog


Message History

Reactivating autopickup.
The sky beast barely misses you.
You closely miss the sky beast. The sky beast barely misses you.
You hit the sky beast but do no damage. The sky beast hits you.
* * * LOW HITPOINT WARNING * * *
The sky beast shocks you.
* * * LOW HITPOINT WARNING * * *
You take 5 damage, and have 9/52 hp.
You hit the sky beast. The sky beast hits you.
* * * LOW HITPOINT WARNING * * *
The sky beast shocks you.
* * * LOW HITPOINT WARNING * * *
You take 8 damage, and have 1/52 hp.
You puncture the sky beast! You completely miss the sky beast.
The sky beast barely misses you.
You barely miss the sky beast.
The sky beast flickers out of sight!
Deactivating autopickup; reactivate with Ctrl-A.
Something hits you but does no damage.
It was a potion of magic.
Magic courses through your body. Something hits you.
You die...

#...............................
#...............................
#.(.......................>....#
#........................#.##.##
#..................<.#.....#....
#...................##.....#....
#.........###.≈.....##.....'....
#.........# #.[{.#####.....#....
########### ##.@.# #.....#....
##### #.....#....
############...#.###
§§§§§§§§§§§#...#.# #
§§§§§§§§§§§#.###.###
§§§§§§§§§§§#.###.#..
§§§§§§§§§§§#..##.###
§§§§§§######..##.#
§§§§§8#_......##.#


There were no monsters in sight!

Vanquished Creatures
  Sigmund (D:3)
  An ogre (D:4)
  A necrophage (D:4)
  An orc priest (D:4)
  A worker ant (D:4)
  A hound skeleton (D:4)
  4 adders
  An adder zombie (D:5)
  3 oozes
  2 worms (D:2)
  2 dart slugs
  3 leopard geckos
  16 orcs
  4 giant cockroaches
  9 goblins
  11 hobgoblins
  11 jackals
  4 quokkas
  8 bats
  6 frilled lizards
  9 kobolds
  A leopard gecko skeleton (D:5)
  10 rats
110 creatures vanquished.

Notes
Turn   | Place    | Note
-------+----------+-------------------------------------------
     0 | D:1      | mistymad the Merfolk Skald began the quest for the Orb.
     0 | D:1      | Reached XP level 1. HP: 16/16 MP: 3/3
    88 | D:1      | Reached skill level 4 in Polearms
    88 | D:1      | Reached XP level 2. HP: 18/22 MP: 5/5
   397 | D:1      | Learned a level 2 spell: Shroud of Golubria
   424 | D:1      | Reached skill level 5 in Polearms
   424 | D:1      | Reached XP level 3. HP: 22/27 MP: 1/6
   530 | D:1      | mistymad: !airstrike
   530 | D:1      | mistymad: ??airstrike
   530 | D:1      | beem: airstrike[1/3]: A single target attack spell; uses smite targeting, so it can hit any monster you can see. It checks AC and does half again as much damage to flying or levitating monsters. Spell level 4. 8 + 1d(2 + (Power)/7) damage.
  1293 | D:2      | Reached skill level 6 in Polearms
  1293 | D:2      | Reached XP level 4. HP: 15/33 MP: 5/7
  2140 | D:2      | Reached skill level 7 in Polearms
  2592 | D:3      | Reached XP level 5. HP: 35/38 MP: 8/8
  3411 | D:3      | Noticed Sigmund
  3426 | D:3      | Killed Sigmund
  3426 | D:3      | Reached skill level 9 in Polearms
  3426 | D:3      | Reached XP level 6. HP: 25/44 MP: 9/9
  3564 | D:3      | Learned a level 3 spell: Spectral Weapon
  3568 | D:3      | Learned a level 3 spell: Regeneration
  3798 | D:4      | Noticed a necrophage
  3805 | D:4      | Killed a necrophage
  4091 | D:4      | Reached XP level 7. HP: 51/51 MP: 10/10
  4105 | D:4      | Found a stormy altar of Qazlal.
  4167 | D:4      | Found a bloodstained altar of Trog.
  4224 | D:4      | Reached skill level 1 in Hexes
  4946 | D:5      | Entered Level 5 of the Dungeon
  5049 | D:4      | HP: 1/52 [sky beast (5)]
  5053 | D:4      | Slain by a sky beast

Skill      XL: |  1  2  3  4  5  6  7 |
---------------+----------------------+-----
Polearms       | 4 5 6 7 9 |  9.8
Hexes          | 1 |  1.5
Fighting       | 3 |  3.0
Armour         | |  0.6
Dodging        | |  2.6
Spellcasting   | |  2.5
Charms         | |  3.9

Action                   |  1- 3 |  4- 6 |  7- 9 || total
-------------------------+-------+-------+-------++-------
Melee: Spear             |   155 |   231 |       ||   386
       Trident           |       |    44 |    80 ||   124
 Cast: Infusion          |     3 |     4 |     1 ||     8
  Use: Scroll            |     1 |       |       ||     1
       Potion            |       |       |     1 ||     1
 Stab: Sleeping          |     2 |       |       ||     2
  Eat: Chunk             |       |    10 |     3 ||    13
Armor: Leather armour    |    36 |       |       ||    36
       Scale mail        |    17 |    85 |    23 ||   125
Dodge: Dodged            |    68 |    67 |    19 ||   154
